 Dungeon Crawl Stone Soup version 0.30-a0-845-g7c6808c8ce (webtiles) character file.

Game seed: 6988731793821583942

7532 kiwi3s the Cleaver (level 10, -2/94 HPs)
             Began as a Minotaur Berserker on Mar 2, 2023.
             Was an Elder of Trog.
             Killed from afar by a molten gargoyle (23 damage)
             ... with a bolt of magma
             ... on level 9 of the Dungeon.
             The game lasted 00:08:50 (7762 turns).

kiwi3s the Cleaver (Minotaur Berserker)             Turns: 7762, Time: 00:08:51

Health: -2/94      AC: 17    Str: 24    XL:     10   Next: 96%
Magic:  9/9        EV: 14    Int:  4    God:    Trog [****..]
Gold:   463        SH:  5    Dex: 13    Spells: 9/9 levels left

rFire   . . .      SeeInvis .    a - +0 hand axe
rCold   + . .      Faith    .    (no shield)
rNeg    + . .      Spirit   .    q - +0 scale mail
rPois   .          Reflect  +    Q - +2 hat {Stlth+}
rElec   +          Rampage  .    t - +0 cloak
rCorr   .                        s - +0 pair of gloves
Will    .....                    A - +0 pair of boots
Stlth   +                        p - amulet of reflection
HPRegen 0.00/turn                w - ring of positive energy
MPRegen 0.11/turn                O - ring of Ydatochefi {rElec rC+ Dex+3 Slay+3}

@: on berserk cooldown, inhibited regen, slowed, very slow
A: horns 2, retaliatory headbutt, iridescent scales 1, sense surroundings 1,
inhibited regeneration, weak 1
a: Renounce Religion, Berserk, Trog's Hand, Brothers in Arms


You were on level 9 of the Dungeon.
You worshipped Trog.
Trog was greatly pleased with you.
You visited 1 branch of the dungeon, and saw 9 of its levels.

You collected 493 gold pieces.
You spent 30 gold pieces at shops.

Inventory:

Hand Weapons
 a - a +0 hand axe (weapon)
Missiles
 I - a throwing net (quivered)
 T - 5 boomerangs
Armour
 j - a +0 buckler
 q - a +0 scale mail (worn)
 s - a +0 pair of gloves (worn)
 t - a +0 cloak (worn)
 A - a +0 pair of boots (worn)
 Q - a +2 hat of stealth (worn)
Jewellery
 i - an amulet of magic regeneration
 p - an amulet of reflection (around neck)
 w - a ring of positive energy (left hand)
 C - an amulet of regeneration
 E - an amulet of the acrobat
 L - a ring of fire
 O - the ring of Ydatochefi (right hand) {rElec rC+ Dex+3 Slay+3}
   (You found it on level 8 of the Dungeon)

   [ring of protection from cold]

   Dex:       It affects your dexterity (+3).
   Slay:      It affects your accuracy & damage with ranged weapons and melee
   (+3).
   rC:        It protects you from cold.
   rElec:     It insulates you from electricity.
Wands
 n - a wand of polymorph (7)
Scrolls
 c - 2 scrolls of enchant armour {unknown}
 g - a scroll of silence {unknown}
 v - 2 scrolls of teleportation {unknown}
 x - a scroll of enchant weapon {unknown}
 y - a scroll of amnesia {unknown}
 F - a scroll of vulnerability {unknown}
 G - a scroll of immolation {unknown}
 N - a scroll of fog {unknown}
Potions
 e - 2 potions of ambrosia
 f - 2 potions of experience {unknown}
 h - 2 potions of brilliance {unknown}
 k - 4 potions of curing
 l - 2 potions of might
 o - 2 potions of lignification
 u - 3 potions of magic
 z - 3 potions of mutation
 B - a potion of cancellation {unknown}
 D - a potion of haste {unknown}
 J - 2 potions of invisibility {unknown}
 M - a potion of flight {unknown}
 R - 2 potions of berserk rage {unknown}


   Skills:
 + Level 10.8 Fighting
 + Level 10.8 Axes
 + Level 10.4 Armour
 + Level 9.5 Dodging


You had 9 spell levels left.
You didn't know any spells.
Your spell library was empty.

Dungeon Overview and Level Annotations

Branches:
Dungeon (9/15)             Temple (0/1) D:5
   Lair: D:8-11         Orc: D:9-12

Altars:
Ashenzari
Dithmenos
Elyvilon
Gozag
Hepliaklqana
Sif Muna
Wu Jian

Shops:
D:1 !   D:2 (   D:4 (   D:6 (


Innate Abilities, Weirdness & Mutations

You have a pair of horns on your head.
You reflexively headbutt those who attack you in melee.
You are partially covered in iridescent scales. (AC +2)
You passively map a small area around you.
You do not regenerate when monsters are visible.
You are weak. (Str -2)


Message History

A red film seems to cover your vision as you go berserk!
You feel yourself moving faster!
You feel mighty!
The molten gargoyle hits you with a +0 mace!
You are engulfed in flames!
You slash the molten gargoyle!
You destroy the molten gargoyle!
Trog accepts your kill.
You slash the steam dragon! You block the steam dragon's attack.
The steam dragon closely misses you.
A lava snake comes into view.
The lava snake hisses angrily.
The steam dragon breathes steam at you. The ball of steam hits you!
* * * LOW HITPOINT WARNING * * *
The molten gargoyle blasts magma at you!
The bolt of magma misses you.
A molten gargoyle comes into view. It is wielding a +0 mace.
You hear a shout! x3
You see here a +0 mace.
You feel a strong urge to attack something.
You are engulfed in a cloud of scalding steam.
You slash the steam dragon!
You feel the power of Trog in you as your rage grows.
You kill the steam dragon!
Trog accepts your kill.
You are engulfed in a cloud of scalding steam.
* * * LOW HITPOINT WARNING * * *
You feel a strong urge to attack something.
The molten gargoyle blasts magma at you!
The bolt of magma hits you.
* * * LOW HITPOINT WARNING * * *
You feel your anger nearly subside.
You are no longer berserk.
You are exhausted.
You feel yourself slow down.
The molten gargoyle blasts magma at you!
The bolt of magma misses you.
There is a stone staircase leading up here.
The molten gargoyle blasts magma at you!
The bolt of magma hits you!!
You die...

, ,
###.#.§≈88§§..#.#
, ..#.≈≈§≈§9≈.#..#
, , ..#.≈§≈≈≈≈..#,
*, #...≈.≈...# ,
#.#.#)# , #.#.#.#
,####.9.### , ,
#..=..#.......,* ,
#.@...#....... ,
#.....+.......
#.....#....... *
,,,+...))#.......,
, #.....#.......
,, #.....#.......
, , ,,#######* *


You could see 2 molten gargoyles.

Vanquished Creatures
  Gastronok (D:8)
  The ghost of drewk1942 the Grappler, a novice TrFi of the Shining One (D:8)
  A two-headed ogre (D:7)
  Pikel (D:4)
  2 molten gargoyles (D:9)
  Maggie (D:9)
  Psyche (D:8)
  A troll (D:7)
  A hornet (D:5)
  A wraith (D:8)
  A steam dragon (D:9)
  Menkaure (D:5)
  2 water moccasins
  2 orc warriors
  An ice beast (D:5)
  2 black bears
  2 centaurs
  An ogre (D:6)
  2 kobold brigands
  A bullfrog (D:6)
  2 gnoll sergeants
  A scorpion (D:4)
  A water moccasin zombie (D:4)
  7 wights
  A howler monkey (D:4)
  A centaur zombie (D:4)
  A jelly (D:4)
  Crazy Yiuf (D:7)
  3 orc priests
  4 hounds
  3 iguanas
  3 sleepcaps
  Terence (D:2)
  3 scorpion zombies (D:4)
  3 orc wizards
  A hound skeleton (D:4)
  A hound zombie (D:4)
  Robin (D:2)
  9 gnolls
  11 adders
  2 shadow imps
  A white imp (D:7)
  2 ufetubi (D:6)
  An adder zombie (D:4)
  A worm (D:3)
  6 dart slugs
  20 orcs
  5 endoplasms
  5 giant cockroaches
  12 hobgoblins
  3 jackals (D:4)
  4 quokkas
  6 ball pythons
  7 frilled lizards
  19 goblins
  11 kobolds
  2 quokka skeletons (D:4)
  6 rats
197 creatures vanquished.

Vanquished Creatures (others)
  An orc priest (D:8)
  A plant (D:6)
2 creatures vanquished.

Grand Total: 199 creatures vanquished

Notes
Turn   | Place    | Note
-------+----------+-------------------------------------------
     0 | D:1      | kiwi3s the Minotaur Berserker began the quest for the Orb.
     0 | D:1      | Reached XP level 1. HP: 19/19 MP: 0/0
    45 | D:1      | Reached XP level 2. HP: 26/27 MP: 1/1
   288 | D:1      | Found Fusm's Distillery.
   321 | D:1      | Bought a potion of curing for 30 gold pieces
   328 | D:1      | Reached XP level 3. HP: 33/33 MP: 2/2
   347 | D:1      | Reached ** piety under Trog
   760 | D:2      | Noticed Robin
   778 | D:2      | Killed Robin
   779 | D:2      | Reached XP level 4. HP: 27/40 MP: 3/3
   957 | D:2      | Noticed Terence
   965 | D:2      | Killed Terence
  1101 | D:2      | Found Noacouwe's Weapon Boutique.
  1287 | D:2      | Found a faded altar of an unknown god.
  1685 | D:3      | Reached XP level 5. HP: 35/47 MP: 4/4
  1996 | D:4      | Noticed a black bear
  2006 | D:4      | Killed a black bear
  2007 | D:4      | Reached skill level 5 in Fighting
  2007 | D:4      | Reached skill level 5 in Axes
  2079 | D:4      | Found Ybecemei's Weapon Shop.
  2177 | D:4      | Reached *** piety under Trog
  2178 | D:4      | Reached XP level 6. HP: 44/56 MP: 5/5
  2532 | D:4      | Reached XP level 7. HP: 55/62 MP: 6/6
  2538 | D:4      | Reached skill level 5 in Armour
  2708 | D:4      | Noticed Pikel
  2732 | D:4      | Killed Pikel
  2733 | D:4      | Reached skill level 5 in Dodging
  2733 | D:4      | Reached XP level 8. HP: 40/71 MP: 7/7
  3060 | D:5      | Entered Level 5 of the Dungeon
  3251 | D:5      | Found a staircase to the Ecumenical Temple.
  3447 | D:5      | Noticed a hornet
  3463 | D:5      | Killed a hornet
  3514 | D:5      | Noticed Menkaure
  3522 | D:5      | Killed Menkaure
  4183 | D:6      | Reached **** piety under Trog
  4231 | D:6      | Reached XP level 9. HP: 69/81 MP: 8/8
  4425 | D:6      | Found Cyacw's Hydra Hut.
  4458 | D:6      | Noticed a five-headed hydra
  5447 | D:7      | Noticed a two-headed ogre
  5449 | D:7      | Noticed a troll
  5456 | D:7      | Killed a two-headed ogre
  5461 | D:7      | Killed a troll
  5627 | D:7      | Found a runed translucent door.
  5628 | D:7      | Noticed Crazy Yiuf
  5651 | D:7      | Found a broken altar of Ashenzari.
  5657 | D:7      | Found an ornate altar of the Wu Jian Council.
  5657 | D:7      | Found a hazy altar of Hepliaklqana.
  5657 | D:7      | Found a shimmering blue altar of Sif Muna.
  5660 | D:7      | Found an opulent altar of Gozag.
  5662 | D:7      | Found a shadowy altar of Dithmenos.
  5840 | D:7      | Identified the +1 robe of the Hills {Regen+}
  5947 | D:7      | Killed Crazy Yiuf
  6141 | D:8      | Reached XP level 10. HP: 80/90 MP: 9/9
  6295 | D:8      | Identified the ring of Ydatochefi {rElec rC+ Dex+3 Slay+3}
  6711 | D:8      | Noticed Gastronok
  6732 | D:8      | Killed Gastronok
  6733 | D:8      | Reached skill level 10 in Fighting
  6733 | D:8      | Reached skill level 10 in Axes
  6898 | D:8      | Found a runed translucent gate.
  6898 | D:8      | Found a runed translucent gate.
  6899 | D:8      | Found a runed translucent gate.
  6901 | D:8      | Noticed drewk1942's ghost (novice TrFi)
  6941 | D:8      | Noticed Psyche
  6967 | D:8      | Killed Psyche
  7206 | D:8      | Found a white marble altar of Elyvilon.
  7452 | D:8      | Killed drewk1942's ghost
  7453 | D:8      | Reached skill level 10 in Armour
  7598 | D:8      | Gained mutation: You passively map a small area around you.
                  | [potion of mutation]
  7598 | D:8      | Gained mutation: You do not regenerate when monsters are
                  | visible. [potion of mutation]
  7598 | D:8      | Gained mutation: You are weak. (Str -2) [potion of
                  | mutation]
  7598 | D:8      | Gained mutation: You are partially covered in iridescent
                  | scales. (AC +2) [potion of mutation]
  7620 | D:9      | Noticed a molten gargoyle
  7620 | D:9      | Noticed Maggie
  7632 | D:9      | Killed Maggie
  7639 | D:9      | Killed a molten gargoyle
  7739 | D:9      | Noticed a molten gargoyle
  7742 | D:9      | Noticed a molten gargoyle
  7753 | D:9      | Killed a molten gargoyle
  7754 | D:9      | Noticed a molten gargoyle
  7762 | D:9      | Killed from afar by a molten gargoyle

Illustrated notes

Levels and vault maps discovered:
D:1:      dpeg_arrival_orchard, layout_rooms, serial_shops, shop
D:2:      layout_loops_ring, shapermc_ecumenical_altar_mp_highgroup,
          serial_shops, shop, uniq_robin, uniq_terence
D:3:      layout_rooms, kennysheep_generic_room_10
D:4:      layout_basic, serial_shops, kennysheep_mini_moat, serial_undead,
          serial_undead_a, serial_undead_a, serial_undead_d, serial_undead_b,
          uniq_pikel
D:5:      layout_loops_ring, minmay_temple_entry_antechambers, uniq_menkaure
D:6:      layout_basic, doesnt_shop_hydraphobe
D:7:      layout_cave_pods, minitemple, uniq_crazy_yiuf_cottage
D:8:      layout_basic, kennysheep_little_box, gammafunk_ghost_spectres,
          uniq_gastronok, uniq_psyche
D:9:      layout_gridville, david_lair_shrubbed, nicolae_wooded_promenade,
          minivault_8, uniq_maggie

Skill      XL: |  1  2  3  4  5  6  7  8  9 10 |
---------------+-------------------------------+-----
Fighting       | 4 5 6 8 9 10 | 10.8
Axes           | 4 5 6 8 9 10 | 10.8
Armour         | 3 4 6 7 8 10 | 10.4
Dodging        | 3 4 5 6 8 9 |  9.5

Action                     |  1- 3 |  4- 6 |  7- 9 | 10-12 || total
---------------------------+-------+-------+-------+-------++-------
  Melee: Hand axe          |    86 |   129 |   261 |   155 ||   631
         Headbutt          |    12 |    29 |    60 |    42 ||   143
         Punch             |       |       |     1 |     3 ||     4
 Invoke: Berserk           |       |       |     4 |     4 ||     8
    Use: Potion            |       |       |     1 |     1 ||     2
         Scroll            |       |       |       |     5 ||     5
 Armour: Animal skin       |     7 |       |       |       ||     7
         Scale mail        |       |    51 |   111 |    36 ||   198
  Dodge: Dodged            |    49 |    63 |   134 |    54 ||   300
  Block: Other             |       |    21 |    56 |    31 ||   108
         Reflection        |       |     1 |     1 |       ||     2

Table legend: (Time is in decaauts)
 A = Elapsed time spent in this place.
 B = Non-inter-level travel time spent in this place.
 C = Inter-level travel time spent in this place.
 D = Time resting spent in this place.
 E = Time spent auto-exploring this place.
 F = Levels seen in this place.
 G = Mean time per level.
                   A        B        C        D        E       F      G
               +--------+--------+--------+--------+--------+-----+--------+
         Total |   7786 |   7614 |    172 |    771 |   5675 |   9 |  865.1 |
       Dungeon |   7786 |   7614 |    172 |    771 |   5675 |   9 |  865.1 |
               +--------+--------+--------+--------+--------+-----+--------+

Top non-repeatable levels by time:
     D:8: 1635 daAuts
     D:7: 1355 daAuts
     D:4: 1085 daAuts
     D:2: 982 daAuts
     D:5: 852 daAuts
     D:6: 724 daAuts
     D:3: 555 daAuts
     D:1: 449 daAuts
     D:9: 146 daAuts
